 Dungeon Crawl Stone Soup version 0.30-a0-643-g638baaf3f0 (webtiles) character file.

Game seed: 14388972990813040560

121 Morbidden the Digger (level 4, 0/41 HPs)
             Began as a Troll Earth Elementalist on Jan 16, 2023.
             Succumbed to an adder's poison
             ... in a sewer.
             The game lasted 00:02:24 (1789 turns).

Morbidden the Digger (Troll Earth Elementalist)     Turns: 1789, Time: 00:02:24

Health: 0/41       AC:  4    Str: 16    XL:     4   Next: 76%
Magic:  4/5        EV: 10    Int: 13    God:
Gold:   158        SH:  0    Dex: 10    Spells: 1/5 levels left

rFire   . . .      SeeInvis .      - Unarmed
rCold   . . .      Faith    .    (no shield)
rNeg    . . .      Spirit   .    a - +0 robe
rPois   .          Reflect  .    (helmet restricted)
rElec   .          Harm     .    (no cloak)
rCorr   +          Rampage  .    (gloves unavailable)
Will    .....                    (boots unavailable)
Stlth   +                        (no amulet)
HPRegen 1.06/turn                e - ring of resist corrosion
MPRegen 0.09/turn                l - ring of wizardry

@: lethally poisoned (0 -> -1)
A: large, unfitting armour, claws 3, regeneration 1, shaggy fur 1, tough skin 1
a: no special abilities


You were in a sewer.
You visited 1 branch of the dungeon, and saw 3 of its levels.
You also visited: Sewer.

You collected 158 gold pieces.

Inventory:

Armour
 a - a +0 robe (worn)
Jewellery
 e - a ring of resist corrosion (left claw)
 l - a ring of wizardry (right claw)
Scrolls
 c - 2 scrolls of teleportation
 d - 2 scrolls of summoning {unknown}
 f - a scroll of amnesia {unknown}
 g - a scroll of acquirement {unknown}
 h - 2 scrolls of fear {unknown}
 i - a scroll of silence {unknown}
 k - 2 scrolls of noise
 m - a scroll of identify {unknown}
Potions
 b - a potion of magic
 o - 4 potions of flight


   Skills:
 * Level 1.0 Fighting
 * Level 0.6 Armour
 * Level 1.9 Dodging
 + Level 1.3 Stealth
 * Level 2.1 Unarmed Combat
 * Level 1.4 Spellcasting
 * Level 1.2 Transmutations
 * Level 3.2 Earth Magic


You had one spell level left.
You knew the following spells:

 Your Spells              Type           Power      Damage    Failure   Level
a - Sandblast             Erth           18%        2d7       3%          1
b - Stone Arrow           Conj/Erth      10%        3d7       16%         3

Your spell library contained the following spells:

 Spells                   Type           Power      Damage    Failure   Level
 Passwall                 Tmut/Erth      5%         N/A       7%          2
 Petrify                  Tmut/Erth      6%         N/A       38%         4


Dungeon Overview and Level Annotations

Branches:
Dungeon (3/15)              Sewer (1/1)

Altars:
Makhleb


Innate Abilities, Weirdness & Mutations

You are too large for most types of armour.
You have claws for hands.
Your natural rate of healing is unusually fast.
You are covered in fur. (AC +1)
You have tough skin. (AC +1)


Message History

* * * LOW HITPOINT WARNING * * *
The adder barely misses you. x2; The adder bites you but does no damage.
Unknown command.
The adder attacks as you move away! The adder bites you but does no damage.
The adder attacks as you move away! The adder bites you but does no damage.
The adder attacks as you move away! The adder barely misses you.
You feel sick. The adder closely misses you.
Unknown command.
Unknown command.
The adder attacks as you move away! The adder bites you.
* * * LOW HITPOINT WARNING * * *
The adder attacks as you move away! The adder bites you.
* * * LOW HITPOINT WARNING * * *
You feel sick. The adder misses you. The adder barely misses you.
The adder bites you.
* * * LOW HITPOINT WARNING * * *
You are lethally poisoned!
The adder poisons you!
Unknown command.
Unknown command.
Unknown command.
The adder attacks as you move away! The adder bites you but does no damage.
The adder attacks as you move away! The adder bites you but does no damage.
Your surroundings suddenly seem different.
Splash!
You fall into the shallow water. 2 giant cockroaches and a bat come into view.
* * * LOW HITPOINT WARNING * * *
You feel sick.
Unknown command.
Unknown command.
Unknown command.
Casting: Sandblast (safe; 3% risk of failure)
Confirm with . or Enter, or press ? or * to list all spells.
Aiming: Sandblast (safe; 3% risk of failure)
Press: ? - help, Shift-Dir - straight line, f - giant cockroach
Aim: a giant cockroach (81% to hit)
The blast of sand hits the giant cockroach.
The giant cockroach is severely wounded.
You die...

##~≈.# #~≈~#
#....# #.!..#
.~~≈~# #~≈.#
#####''#####''##
~~~≈~# #~≈~#
#∩..SS..........
.~~≈~#
#∩...SS.........
##~≈~#
#####''#####''##
#..≈~# #....#
#....# ##.≈~# #
###### ######
#~≈.#
#~≈~###########
##~≈~#
#~≈~~~~@~B~.B~.
~~~≈~#
#.≈.≈≈≈≈≈b≈≈≈≈≈
≈≈†≈~#
#.≈~~~~~~.~~~~~
~~~≈~#
#~≈~###########
##~≈~# #~≈ #~≈~#
#~ ≈≈≈~~. ~
≈≈≈≈≈≈≈≈
≈≈≈≈≈≈≈≈


You could see 2 giant cockroaches and a bat.

Vanquished Creatures
  3 adders
  2 river rats (Sewer)
  3 worms
  3 dart slugs
  10 ball pythons
  7 bats
  An endoplasm (D:1)
  4 giant cockroaches
  2 hobgoblins (D:1)
  A jackal (Sewer)
  9 quokkas
  5 frilled lizards
  A goblin (D:2)
  6 kobolds
  4 rats
61 creatures vanquished.

Notes
Turn   | Place    | Note
-------+----------+-------------------------------------------
     0 | D:1      | Morbidden the Troll Earth Elementalist began the quest for
                  | the Orb.
     0 | D:1      | Reached XP level 1. HP: 16/16 MP: 1/1
   271 | D:1      | Reached XP level 2. HP: 23/24 MP: 2/2
   550 | D:2      | Found a faded altar of an unknown god.
   571 | D:2      | Reached skill level 1 in Unarmed Combat
   585 | D:2      | Reached skill level 3 in Earth Magic
   585 | D:2      | Reached XP level 3. HP: 13/31 MP: 3/3
  1204 | D:2      | Found a burning altar of Makhleb.
  1508 | D:3      | Reached XP level 4. HP: 40/40 MP: 2/5
  1512 | D:3      | Learned a level 3 spell: Stone Arrow
  1520 | D:3      | Found a glowing drain.
  1545 | Sewer    | Entered a sewer
  1599 | Sewer    | Reached skill level 1 in Transmutations
  1690 | Sewer    | Reached skill level 1 in Fighting
  1787 | Sewer    | HP: 1/41 [adder (2)]
  1789 | Sewer    | Succumbed to an adder's poison

Illustrated notes

Levels and vault maps discovered:
D:1:      shiori_arrival_oz, layout_basic
D:2:      layout_loops_cross, basic_altar,
          hellmonk_ecumenical_altar_leap_of_faith, serial_rivers,
          chequers_serial_rivers_micro_b, chequers_serial_rivers_micro_d,
          chequers_serial_rivers_micro_e, chequers_serial_rivers_micro_d,
          chequers_serial_rivers_micro_d, chequers_serial_rivers_micro_d
D:3:      layout_rooms, nicolae_overflow_hallway_of_the_gods,
          nicolae_tso_swordbearing_angel, portal_sewer_entry_f
Sewer:    sewer_fruit_machine

Skill      XL: |  1  2  3  4 |
---------------+-------------+-----
Unarmed Combat | 1 2 |  2.1
Earth Magic    | 3 |  3.2
Transmutations | 1 |  1.2
Fighting       | 1 |  1.0
Armour         | |  0.6
Dodging        | |  1.9
Stealth        | |  1.3
Spellcasting   | |  1.4

Action                   |  1- 3 |  4- 6 || total
-------------------------+-------+-------++-------
Melee: Unarmed           |   104 |    85 ||   189
       Punch             |     1 |     2 ||     3
 Cast: Sandblast         |     4 |     1 ||     5
  Use: Potion            |       |     2 ||     2
       Scroll            |       |     1 ||     1
 Stab: Sleeping          |     3 |       ||     3
Armor: Robe              |    34 |    56 ||    90
Dodge: Dodged            |    43 |    75 ||   118

Table legend: (Time is in decaauts)
 A = Elapsed time spent in this place.
 B = Non-inter-level travel time spent in this place.
 C = Inter-level travel time spent in this place.
 D = Time resting spent in this place.
 E = Time spent auto-exploring this place.
 F = Levels seen in this place.
 G = Mean time per level.
                   A        B        C        D        E       F      G
               +--------+--------+--------+--------+--------+-----+--------+
         Total |   1784 |   1742 |     42 |    198 |   1141 |   4 |  446.0 |
       Dungeon |   1543 |   1501 |     42 |    198 |   1040 |   3 |  514.3 |
         Sewer |    241 |    241 |      0 |      0 |    101 |   1 |  241.0 |
               +--------+--------+--------+--------+--------+-----+--------+

Top non-repeatable levels by time:
     D:2: 972 daAuts
     D:1: 528 daAuts
   Sewer: 241 daAuts
     D:3: 42 daAuts
